 Dungeon Crawl Stone Soup version 0.29-a0-824-gd827844252 (webtiles) character file.

Game seed: 12920899818695626424

157 jimonade the Magician (level 5, 0/37 HPs)
             Began as a Djinni Fire Elementalist on July 11, 2022.
             Killed by nerve-wracking pain
             ... invoked by an orc priest
              (12 damage)
             ... on level 3 of the Dungeon.
             The game lasted 00:06:59 (3430 turns).

jimonade the Magician (Djinni Fire Elementalist)    Turns: 3430, Time: 00:06:59

Health: 0/37       AC:  5    Str:  9    XL:     5   Next: 66%
Gold:   145        EV: 13    Int: 16    God:
                   SH:  0    Dex: 20

rFire   + + .      SeeInvis .   b - +0 sling
rCold   x . .      Faith    .   (no shield)
rNeg    . . .      Spirit   .   o - +0 robe
rPois   ∞          Reflect  .   (no helmet)
rElec   .          Harm     .   s - +2 cloak
rCorr   .          Rampage  .   (no gloves)
Will    +....                   (boots unavailable)
Stlth   ++........              (no amulet)
HPRegen 0.12/turn               c - ring of willpower
MPRegen 0.00/turn               p - +6 ring of dexterity

@: flying
A: sickness immunity, fire resistance 2, cold vulnerability 1, float, innate
caster, HP casting, extra vitality 1
a: no special abilities


You were on level 3 of the Dungeon.
You visited 1 branch of the dungeon, and saw 3 of its levels.

You collected 145 gold pieces.

Inventory:

Hand Weapons
 a - a +2 dagger of speed
 b - a +0 sling (weapon)
 u - a +0 mace
 y - a +0 dagger of draining
Missiles
 m - 28 stones
Armour
 o - a +0 robe (worn)
 r - a scarf of harm
 s - a +2 cloak (worn)
Jewellery
 c - a ring of willpower (left hand)
 h - an amulet of faith
 n - a ring of positive energy
 p - a +6 ring of dexterity (right hand)
 w - an amulet of the acrobat
Scrolls
 d - a scroll of blinking {unknown}
 i - 2 scrolls of immolation {unknown}
 k - a scroll of vulnerability {unknown}
 l - 2 scrolls of enchant armour {unknown}
 q - 8 scrolls of identify {unknown}
 v - a scroll of teleportation {unknown}
Potions
 e - a potion of heal wounds {unknown}
 f - a potion of brilliance {unknown}
 g - a potion of magic {unknown}
 j - a potion of invisibility {unknown}
 t - a potion of resistance {unknown}
 x - 2 potions of mutation {unknown}


   Skills:
 * Level 1.0 Fighting
 + Level 2.4 Dodging
 - Level 1.5 Stealth
 * Level 4.3 Spellcasting


You couldn't memorise any spells.
You knew the following spells:

 Your Spells              Type           Power      Damage    Failure   Level
a - Foxfire               Conj/Fire      68%        2x1d7     2%          1
b - Scorch                Fire           34%        2d7       4%          2
c - Conjure Flame         Conj/Fire      17%        6-21      9%          3
d - Inner Flame           Hex/Fire       17%        N/A       9%          3
e - Flame Wave            Conj/Fire      17%        2d6       26%         4
f - Slow                  Hex            68%        N/A       2%          1
g - Searing Ray           Conj           34%        2d5       4%          2
Your spell library was empty.

Dungeon Overview and Level Annotations

Branches:
Dungeon (3/15)

Altars:


Innate Abilities, Weirdness & Mutations

You are immune to sickness and miasma.
You are immune to poison.
Your flesh is very heat resistant. (rF++)
You are vulnerable to cold. (rC-)
You float through the air rather than walking.
You learn spells naturally, not from books.
Your magical power is your life essence.
You have superior vitality. (+4 MHP)


Message History

You now have 141 gold pieces (gained 11).
There are no items here.
A giant cockroach comes into view.
A giant cockroach is nearby!
You shoot a sling bullet.
The sling bullet barely misses the giant cockroach.
You shoot a sling bullet.
The sling bullet hits the giant cockroach.
You kill the giant cockroach!
Casting: Scorch (safe; 4% risk of failure)
Confirm with . or Enter, or press ? or * to list all spells.
You can't see any susceptible monsters within range! (Use Z to cast anyway.) Unknown command.
Unknown command.
You see here a giant cockroach corpse.
You see here a +2 dagger of flaming.
You now have 145 gold pieces (gained 4).
Casting: Scorch (safe; 4% risk of failure)
Confirm with . or Enter, or press ? or * to list all spells.
Aiming: Searing Ray (safe; 4% risk of failure)
Press: ? - help, Shift-Dir - straight line, f - orc priest
Aim: an orc priest, wielding a +0 club (wandering, hasn't noticed you, 78% to hit)
The searing ray misses the orc priest. (Press . to maintain the ray.)
The orc priest shouts!
You hear a shout!
The orc priest mumbles some strange prayers to Beogh against you.
Pain shoots through your body!
The searing ray hits the orc priest!
The orc priest is heavily wounded.
The searing ray hits the orc priest.
The orc priest is severely wounded.
The orc priest calls down the wrath of Beogh upon you.
Beogh smites you!
You hear a shout!
The searing ray hits the orc priest.
The orc priest is almost dead.
You finish channelling your searing ray.
The orc priest invokes the aid of Beogh against you.
Pain shoots through your body!
You die...

.#)# ##..#####..# ............
.#.###...# #..# ###..##.###.
....##...#####..# ............
............##..# ###...#.####
.......#........# ...........#
######.#........# ............ #
#.#........# #..##...#.#### #
#.#........##.o.....†......)
######.#........@......#..##.####
.......#........#####..#..##.####
..###########...# #......... .##
####...## #...###..... .#
#.........### ## ##.### .#
#........... ####.#
.#######.####....####### #....#
.........###...........# #.####
.#.####..........#####.# #.#


You could see an orc priest.

Vanquished Creatures
  An orc wizard (D:3)
  4 gnolls (D:3)
  2 adders
  3 dart slugs
  4 orcs (D:3)
  3 bats
  5 endoplasms
  3 giant cockroaches
  5 goblins (D:1)
  7 hobgoblins
  3 jackals (D:2)
  4 kobolds
  2 quokkas
  5 ball pythons
  5 frilled lizards
  6 rats
62 creatures vanquished.

Vanquished Creatures (others)
  17 foxfires (D:1)
17 creatures vanquished.

Grand Total: 79 creatures vanquished

Notes
Turn   | Place    | Note
-------+----------+-------------------------------------------
     0 | D:1      | jimonade the Djinni Fire Elementalist began the quest for
                  | the Orb.
     0 | D:1      | jimonade set off with the following spells memorised:
                  | Foxfire, Scorch, Conjure Flame, Inner Flame, Flame Wave.
     0 | D:1      | Reached XP level 1. HP: 15/15 MP: 0/0
   259 | D:1      | Reached XP level 2. HP: 18/21 MP: 0/0
   598 | D:1      | Reached skill level 3 in Spellcasting
   703 | D:1      | Reached XP level 3. HP: 24/25 MP: 0/0
   703 | D:1      | Learned a level 1 spell: Slow
  1424 | D:2      | Found a faded altar of an unknown god.
  1825 | D:2      | Reached XP level 4. HP: 29/31 MP: 0/0
  2489 | D:3      | Reached XP level 5. HP: 16/36 MP: 0/0
  2489 | D:3      | Learned a level 2 spell: Searing Ray
  2499 | D:3      | Reached skill level 4 in Spellcasting
  2986 | D:3      | Reached skill level 1 in Fighting
  3430 | D:3      | Killed from afar by an orc priest

Illustrated notes

Levels and vault maps discovered:
D:1:      scummos_arrival_simple_fountains, layout_loops_ring
D:2:      layout_basic, ebering_ecumenical_altar_box
D:3:      layout_basic, dk_noncrumbling_3

Skill      XL: |  1  2  3  4  5 |
---------------+----------------+-----
Spellcasting   | 3 4 |  4.3
Fighting       | 1 |  1.0
Dodging        | |  2.4
Stealth        | |  1.5

Action                   |  1- 3 |  4- 6 || total
-------------------------+-------+-------++-------
 Fire: Sling             |    32 |    24 ||    56
 Cast: Foxfire           |    12 |       ||    12
       Scorch            |    19 |    23 ||    42
       Searing Ray       |       |     5 ||     5
Armor: Robe              |       |     2 ||     2
Dodge: Dodged            |     7 |     6 ||    13

Table legend: (Time is in decaauts)
 A = Elapsed time spent in this place.
 B = Non-inter-level travel time spent in this place.
 C = Inter-level travel time spent in this place.
 D = Time resting spent in this place.
 E = Time spent auto-exploring this place.
 F = Levels seen in this place.
 G = Mean time per level.
                   A        B        C        D        E       F      G
               +--------+--------+--------+--------+--------+-----+--------+
         Total |   3449 |   3365 |     84 |    345 |   2523 |   3 | 1149.7 |
       Dungeon |   3449 |   3365 |     84 |    345 |   2523 |   3 | 1149.7 |
               +--------+--------+--------+--------+--------+-----+--------+

Top non-repeatable levels by time:
     D:1: 1303 daAuts
     D:2: 1275 daAuts
     D:3: 871 daAuts
